 Dungeon Crawl Stone Soup version 0.32-a0-468-g38b2580584 (webtiles) character file.

Game seed: 4377092265004530348

137 cforsyth the Trooper (level 5, -2/42 HPs)
             Began as a Coglin Gladiator on Feb 25, 2024.
             Blown up by Ijyb (7 damage)
             ... with a mindburst bolt
             ... on level 4 of the Dungeon.
             The game lasted 00:03:21 (2303 turns).

cforsyth the Trooper (Coglin Gladiator)             Turns: 2303, Time: 00:03:22

Health: -2/42      AC:  4    Str: 16    XL:     5   Next: 20%
Magic:  5/5        EV: 12    Int:  8    God:
Gold:   117        SH:  0    Dex: 15    Spells: 4/4 levels left

rFire   . . .        a - +0 war axe {Kanchana}
rCold   . . .        (no shield)
rNeg    . . .        b - +0 leather armour
rPois   .            c - +0 helmet
rElec   .            (no cloak)
rCorr   .            (no gloves)
SInv    .            (no boots)
Will    .....        (no amulet)
Stlth   +            (ring unavailable)
HPRegen 0.27/turn    (ring unavailable)
MPRegen 0.09/turn

%: no passive effects
@: mighty, revved
A: off-hand wielding, slow wielding, warmup strikes, no rings
a: no special abilities


You were on level 4 of the Dungeon.
You visited 1 branch of the dungeon, and saw 4 of its levels.

You collected 161 gold pieces.
You spent 44 gold pieces at shops.


Innate Abilities, Weirdness & Mutations

You can wield a second weapon in your off-hand.
It takes a long time for you to wield or remove held weapons.
Your first few attacks do less damage.
Your grasper-arms cannot wear rings.


   Skills:
 + Level 3.9 Fighting
 - Level 3.0 Axes
 - Level 1.7 Throwing
 + Level 2.8 Armour
 - Level 2.6 Dodging


You had 4 spell levels left.
You didn't know any spells.
Your spell library contained the following spells:

 Spells                   Type           Power      Damage    Failure   Level
 Chain Lightning          Conj/Air       0%         N/A       100%        9
 Fire Storm               Conj/Fire      0%         5d1       100%        9
 Shatter                  Erth           0%         3d5*      100%        9

Inventory:

Hand Weapons
 a - a +0 war axe (weapon) {Kanchana}
Missiles
 d - 3 throwing nets (quivered) {=f}
 e - a javelin
Armour
 b - a +0 leather armour (worn)
 c - a +0 helmet (worn)
 o - a +1 hat
Magical Staves
 h - a staff of death {!a}
Scrolls
 f - a scroll of immolation {unknown}
 g - 6 scrolls of identify {unknown}
 i - a scroll of fog {unknown}
 j - a scroll of vulnerability {unknown}
 l - a scroll of teleportation {unknown}
 p - a scroll of enchant weapon {unknown}
Potions
 k - a potion of curing {@q1}
 m - a potion of ambrosia {unknown}
 n - a potion of might
 q - a potion of magic {unknown}
 r - a potion of resistance {unknown}

Dungeon Overview and Level Annotations

Branches:
Dungeon (4/15)
 Temple: D:4-7

Altars:

Shops:
D:2 !

Annotations:
D:4 Ijyb

##.###########
.h...gg@.....#
...#######.###
#<......#
#########


You could see Ijyb, a hound (wandering) and a hobgoblin.


Message History

You barely miss Ijyb. Ijyb hits you with a +5 club.
* * * LOW HITPOINT WARNING * * *
You closely miss Ijyb. Ijyb hits you with a +5 club.
* * * LOW HITPOINT WARNING * * *
Unknown command.
You slash Ijyb!
Ijyb is moderately wounded.
Ijyb closely misses you. Ijyb barely misses you.
You closely miss Ijyb.
Ijyb is moderately wounded.
Ijyb zaps a wand.
Your mind is blasted!
* * * LOW HITPOINT WARNING * * *
It was a potion of curing.
You feel better. Ijyb barely misses you.
You feel very mighty all of a sudden.
Ijyb screams, "Me wand stronger than you!"
Ijyb zaps a wand.
You barely resist. You hit Ijyb.
Ijyb is heavily wounded.
Ijyb misses you. Ijyb hits you with a +5 club!
* * * LOW HITPOINT WARNING * * *
You hit Ijyb.
Ijyb is severely wounded.
A hound comes into view.
Ijyb hits you with a +5 club.
* * * LOW HITPOINT WARNING * * *
You closely miss Ijyb.
Ijyb is severely wounded.
Ijyb zaps a wand.
Your mind is blasted!
You die...
Ijyb screams, "Time for next experiment!"

Skill      XL: |  1  2  3 |
---------------+----------+-----
Armour         | 1 2 |  2.8
Fighting       | 3 |  3.9
Axes           | |  3.0
Throwing       | |  1.7
Dodging        | |  2.6

Action                     |  1- 3 |  4- 6 || total
---------------------------+-------+-------++-------
  Melee: War axe           |    98 |    46 ||   144
    Use: Potion            |       |     2 ||     2
 Armour: Leather armour    |    75 |    36 ||   111
  Dodge: Dodged            |    91 |    33 ||   124

Levels and vault maps discovered:
D:1:      ncdulo_lavacross, layout_basic, minmay_pentomino_o2
D:2:      layout_loops_corners, serial_shops, shop, dreamdust_mushroom_princess
D:3:      layout_basic
D:4:      layout_basic, lightli_temple_of_fire, serial_park_tiny_2, uniq_ijyb

Notes
Turn   | Place    | Note
-------+----------+-------------------------------------------
     0 | D:1      | cforsyth the Coglin Gladiator began the quest for the Orb.
     0 | D:1      | Reached XP level 1. HP: 16/16 MP: 1/1
   186 | D:1      | Reached XP level 2. HP: 22/23 MP: 2/2
   242 | D:1      | Reached skill level 1 in Armour
   657 | D:2      | Reached XP level 3. HP: 12/28 MP: 3/3
  1011 | D:2      | Reached skill level 3 in Fighting
  1412 | D:2      | Found Keirphaan's Distillery.
  1422 | D:2      | Bought a potion of might for 44 gold pieces
  1482 | D:3      | Reached skill level 2 in Armour
  1552 | D:3      | Reached XP level 4. HP: 6/35 MP: 4/4
  2289 | D:4      | Noticed Ijyb
  2294 | D:4      | Reached XP level 5. HP: 40/42 MP: 5/5
  2298 | D:4      | HP: 4/42 [disintegration (9)]
  2303 | D:4      | Blown up by Ijyb

Vanquished Creatures
  An orc priest (D:3)
  A hound (D:4)
  2 adders (D:2)
  2 ribbon worms
  6 orcs (D:3)
  5 ball pythons
  3 endoplasms
  3 giant cockroaches
  2 goblins (D:2)
  5 hobgoblins
  2 jackals (D:3)
  2 quokkas (D:3)
  9 bats
  A frilled lizard (D:2)
  2 kobolds (D:3)
  6 rats
52 creatures vanquished.

Table legend: (Time is in decaauts)
 A = Elapsed time spent in this place.
 B = Non-inter-level travel time spent in this place.
 C = Inter-level travel time spent in this place.
 D = Time resting spent in this place.
 E = Time spent auto-exploring this place.
 F = Levels seen in this place.
 G = Mean time per level.
                   A        B        C        D        E       F      G
               +--------+--------+--------+--------+--------+-----+--------+
         Total |   2352 |   2255 |     97 |      0 |   1882 |   4 |  588.0 |
       Dungeon |   2352 |   2255 |     97 |      0 |   1882 |   4 |  588.0 |
               +--------+--------+--------+--------+--------+-----+--------+

Top non-repeatable levels by time:
     D:2: 925 daAuts
     D:3: 783 daAuts
     D:1: 577 daAuts
     D:4: 67 daAuts

Table legend:
 A = Non-vault XP
 B = Vault XP
 C = Vault XP percentage of total XP
 D = Non-vault monster count
 E = Vault monster count
 F = Vault count percentage of total count
                 A         B        C        D         E       F
            +---------+---------+-------+---------+---------+-------
      Total |     195 |       2 |   1.0 |      51 |       1 |   1.9
            +---------+---------+-------+---------+---------+-------
        D:1 |      20 |       2 |   9.1 |      15 |       1 |   6.2
        D:2 |      47 |       0 |   0.0 |      14 |       0 |   0.0
        D:3 |      84 |       0 |   0.0 |      20 |       0 |   0.0
        D:4 |      44 |       0 |   0.0 |       2 |       0 |   0.0
            +---------+---------+-------+---------+---------+-------
